 Dungeon Crawl Stone Soup version 0.22-b1-21-g5cfc168 (webtiles) character file.

103385 dvd the Severer (level 16, -1/146 HPs)
             Began as a Hill Orc Fighter on Aug 5, 2018.
             Was a High Priest of Beogh.
             Killed from afar by a starcursed mass (8 damage)
             ... with an accursed screaming
             ... on level 2 of the Abyss.
             The game lasted 01:31:22 (21647 turns).

dvd the Severer (Hill Orc Fighter)                 Turns: 21647, Time: 01:31:22

Health: -1/146     AC: 27    Str: 27    XL:     16   Next: 35%
Magic:  27/27      EV: 14    Int:  8    God:    Beogh [*****.]
Gold:   1583       SH: 20    Dex: 23    Spells: 16/17 levels left

rFire    + . .     SeeInvis +   a - +5 war axe (venom)
rCold    . . .     Gourm    .   P - +5 shield of the Komodo Dragon {MP+9 SInv}
rNeg     . . .     Faith    .   p - +5 chain mail {rF+}
rPois    +         Spirit   .   i - +2 helmet {SInv}
rElec    .         Reflect  .   s - +0 cloak
rCorr    .         Harm     .   S - +1 pair of gloves of Instinct {rPois Stlth+}
MR       +....                  W - +2 pair of boots
Stlth    ++........             w - amulet of regeneration
HPRegen  0.74/turn              R - +4 ring of dexterity
MPRegen  0.20/turn              Q - +5 ring of dexterity

@: mighty, lethally poisoned (-1 -> -2), hasted, very quick
A: walk on water
a: Smiting, Recall Orcish Followers, Give Item to Named Follower, Renounce
Religion


You were on level 2 of the Abyss.
You worshipped Beogh.
Beogh was extremely pleased with you.
You were not hungry.

You visited 4 branches of the dungeon, and saw 23 of its levels.
You visited the Abyss 1 time.
You also visited: Bailey and Volcano.

You collected 2245 gold pieces.
You spent 662 gold pieces at shops.

Inventory:

Hand Weapons
 a - a +5 war axe of venom (weapon)
 c - a +1 war axe of chopping
 F - a +3 spear of freezing
 K - the +5 pair of quick blades "Gyre" and "Gimble" {pierce, Dex-3}
   (You found it on level 4 of the Lair of Beasts)

   It inflicts extra damage upon your enemies.
   It affects your dexterity (-3).
 M - a +2 scimitar of flaming
Missiles
 y - 55 tomahawks of returning (quivered)
 z - 16 tomahawks
 A - 12 javelins
 H - 7 steel javelins
 I - 5 steel tomahawks
Armour
 i - a +2 helmet of see invisible (worn)
 l - a +1 ring mail of fire resistance
 p - a +5 chain mail of fire resistance (worn)
 s - a +0 cloak (worn)
 P - the +5 shield of the Komodo Dragon (worn) {MP+9 SInv}
   (You bought it in a shop on level 10 of the Dungeon)

   It affects your magic capacity (+9).
   It lets you see invisible.
 S - the +1 pair of gloves of Instinct (worn) {rPois Stlth+}
   (You found it on level 6 of the Lair of Beasts)

   It protects you from poison.
   It makes you more stealthy.
 W - a +2 pair of boots (worn)
Jewellery
 b - an uncursed ring of poison resistance
 w - an amulet of regeneration (around neck)
 G - an uncursed ring of protection from cold
 L - an uncursed ring of protection from fire
 Q - a +5 ring of dexterity (right hand)
 R - a +4 ring of dexterity (left hand)
 X - an uncursed ring of wizardry
 Y - the ring "Nuomeagh" {Fire Dex+4}
   (You found it in a bailey)

   [ring of fire]

   It enhances your fire magic.
   It affects your dexterity (+4).
   It protects you from fire.
   It makes you vulnerable to cold.
Wands
 n - a wand of iceblast (12)
 o - a wand of paralysis (14)
 r - a wand of scattershot (19)
 C - a wand of flame (24)
 E - a wand of polymorph (9)
 N - a wand of disintegration (29)
 O - a wand of acid (23)
Scrolls
 g - 9 scrolls of teleportation
 j - 29 scrolls of identify
 k - 4 scrolls of blinking
 u - a scroll of holy word
 D - 4 scrolls of remove curse
 T - 5 scrolls of fear
 U - a scroll of fog
Potions
 d - a potion of cancellation
 e - 2 potions of agility
 h - 3 potions of berserk rage
 m - a potion of flight
 q - 2 potions of haste
 t - 11 potions of curing
 v - a potion of might
 x - a potion of heal wounds
 B - a potion of brilliance
 V - 3 potions of resistance
Comestibles
 f - 33 rations


   Skills:
 + Level 14.1 Fighting
 + Level 18.0(18.3) Axes
 + Level 5.0(11.4) Polearms
 + Level 5.6 Throwing
 + Level 10.9 Armour
 + Level 6.5 Dodging
 + Level 5.6 Stealth
 + Level 13.6 Shields
 + Level 0.4 Unarmed Combat
 + Level 1.0 Spellcasting
 + Level 1.3 Conjurations
 + Level 1.5 Fire Magic
 + Level 3.9 Invocations
 + Level 2.9 Evocations


You had 16 spell levels left.
You knew the following spells:

 Your Spells              Type           Power        Failure   Level  Hunger
a - Flame Tongue          Conj/Fire      #....        75%         1    ##.....

Your spell library contained the following spells:

 Spells                   Type           Power        Failure   Level  Hunger
 Magic Dart               Conj           #...         75%         1    ##.....
 Fireball                 Conj/Fire      #.........   100%        5    ######.
 Conjure Flame            Conj/Fire      #.......     98%         3    ####...
 Lightning Bolt           Conj/Air       #.........   100%        5    ######.
 Slow                     Hex            #.......     97%         2    ###....
 Throw Flame              Conj/Fire      #.....       86%         2    ###....
 Freezing Cloud           Conj/Ice/Air   #.........   100%        6    #######
 Mephitic Cloud           Conj/Pois/Air  #.......     99%         3    ####...
 Ring of Flames           Chrm/Fire      #.........   100%        7    #######
 Summon Small Mammal      Summ           #...         90%         1    ##.....
 Blink                    Tloc           N/A          97%         2    ###....
 Summon Horrible Things   Summ           #.........   100%        8    #######
 Sticky Flame             Conj/Fire      #.......     100%        4    #####..
 Call Imp                 Summ           #.......     97%         2    ###....
 Summon Greater Demon     Summ           #.........   100%        7    #######
 Stone Arrow              Conj/Erth      #.....       99%         3    ####...
 Shock                    Conj/Air       #...         83%         1    ##.....
 Swiftness                Chrm/Air       #.......     97%         2    ###....
 Airstrike                Air            #.........   100%        4    #####..
 Passwall                 Tmut/Erth      #.......     97%         2    ###....
 Static Discharge         Conj/Air       #.......     99%         3    ####...
 Lee's Rapid Deconstruct  Erth           #.........   100%        5    ######.
 Sandblast                Erth           #.....       90%         1    ##.....
 Monstrous Menagerie      Summ           #.........   100%        7    #######
 Petrify                  Tmut/Erth      #.......     100%        4    #####..
 Malign Gateway           Summ/Tloc      #.........   100%        7    #######
 Inner Flame              Hex/Fire       #.......     99%         3    ####...
 Poisonous Vapours        Pois/Air       #.....       97%         2    ###....


Dungeon Overview and Level Annotations

Branches:
Dungeon (14/15)            Temple (1/1) D:4            Lair (6/6) D:10
 Shoals (0/4) Lair:4       Spider (0/4) Lair:3        Slime (0/5) Lair:5
    Orc (2/2) D:12            Elf (0/3) Orc:2        Vaults (0/5) D:13

Altars:
Ashenzari
Cheibriados
Dithmenos
Elyvilon
Fedhas
Gozag
Hepliaklqana
Kikubaaqudgha
Makhleb
Nemelex Xobeh
Okawaru
Qazlal
Ru
Sif Muna
Trog
Uskayaw
Vehumet
Xom
Yredelemnul
Zin
The Shining One
Beogh
Jiyva

Shops:
D:10 =[(}!   Orc:2 !*(:

Annotations:
D:14 Louise


Message History

Unknown command.
You slice the starcursed mass!!
The starcursed mass is heavily damaged.
You feel sick.
The starcursed mass shrieks in your mind.
* * * LOW HITPOINT WARNING * * *
You slice the starcursed mass!!
The starcursed mass is severely damaged.
You slash the starcursed mass!
The starcursed mass is severely damaged.
You feel sick.
A starcursed mass splits.
You hit the starcursed mass.
The starcursed mass is severely damaged.
You slice the starcursed mass!!
The starcursed mass shudders and is absorbed by its neighbour.
You slice the starcursed mass!!
The starcursed mass is almost destroyed.
You feel sick.
A starcursed mass splits.
A chorus of shrieks assaults your mind.
You die...

## # .. #. ##
.#.## #.. ##.#
.#.. # . ...
.## ### . #
#...###.##..
#W #
#..#.#...#
..##...@#..##
#
.##..###XX...#
.W ...##.#)#.#
#.. #.###.§.#
## # .#.# .
.X. . .
.###.#. . #§.#
.#.. ##. #
X#..## #.
##.......#.


You could see 2 starcursed masses.

Vanquished Creatures
  A draconian stormcaller (Abyss:2)
  A stone giant (Orc:1)
  An ettin (Orc:2)
  An eidolon (Abyss:2)
  Fannar (D:11)
  An ice dragon (Lair:6)
  An ogre mage (Orc:2)
  2 hydras (Lair:6)
  A centaur warrior (D:13)
  A catoblepas (Lair:6)
  A dancing weapon (D:13)
  6 death yaks
  8 two-headed ogres
  An orc high priest (Orc:1)
  A hell knight (Volcano)
  A salamander mystic (Volcano)
  A deep troll (Orc:2)
  3 large abominations (Abyss:2)
  The ghost of appiemonkey the Martial Artist, a novice OpTm of Cheibriados (D:8)
  2 unseen horrors
  An orc knight (Orc:2)
  2 cyclopes
  An orc sorcerer (Orc:1)
  A deep elf mage (D:14)
  6 salamanders (Volcano)
  2 manticores
  3 black mambas
  Maurice (Orc:2)
  7 elephants
  A molten gargoyle (D:11)
  9 spiny frogs
  A rime drake (Lair:6)
  A tormentor (Abyss:2)
  2 komodo dragons
  4 trolls
  2 polar bears (Lair:3)
  2 slime creatures (D:14)
  7 blink frogs
  2 hippogriffs
  A shadow (D:13)
  2 wyverns
  A wraith (D:13)
  39 yaks
  Sigmund (D:6)
  A vampire (D:12)
  5 fire elementals (D:12)
  3 vampire mosquitoes (D:13)
  2 hungry ghosts
  A steam dragon (D:11)
  3 soldier ants
  A warg (Orc:2)
  A porcupine (Lair:1)
  10 water moccasins
  2 hell hounds
  8 orc warriors
  4 sky beasts
  4 black bears (Lair:3)
  5 ice beasts
  A hornet zombie (D:12)
  17 ogres
  An eye of draining (D:13)
  4 centaurs
  A big kobold (D:8)
  10 crocodiles
  6 bullfrogs
  A wyvern zombie (D:6)
  2 scorpions
  11 killer bees
  4 wights (D:8)
  A howler monkey (D:14)
  2 centaur zombies
  A crimson imp (D:6)
  A bullfrog zombie (D:7)
  A centaur skeleton (D:12)
  3 hounds
  6 orc priests
  A jelly (D:10)
  A bullfrog skeleton (D:5)
  An iron imp (Abyss:2)
  An iguana (D:7)
  10 orc wizards
  7 worker ants
  A killer bee zombie (D:6)
  Robin (D:2)
  2 hound skeletons
  2 worker ant zombies
  A howler monkey skeleton (D:5)
  18 adders
  4 gnolls (Bailey)
  A shadow imp (D:12)
  A white imp (Lair:6)
  An ooze (D:7)
  2 adder skeletons
  An adder zombie (D:5)
  5 worms
  3 dart slugs
  5 leopard geckos
  32 orcs
  9 bats
  4 giant cockroaches
  22 goblins
  16 hobgoblins
  14 jackals
  27 kobolds
  2 quokkas
  A ball python (D:2)
  4 frilled lizards
  A jackal skeleton (D:4)
  6 rats
  A fungus (Lair:4)
  A plant (Lair:6)
467 creatures vanquished.

Vanquished Creatures (collateral kills)
  An orc warlord (Bailey)
  Azrael (D:12)
  The ghost of Ymberto the Eclecticist, a journeyman DEFE of Sif Muna (D:12)
  The ghost of Gilyir the Brawler, a journeyman TrMo of Cheibriados (Lair:2)
  An ogre mage (Orc:2)
  4 hydras
  3 centaur warriors
  5 two-headed ogres
  2 catoblepae (Lair:6)
  A dancing weapon (D:13)
  A death knight (D:14)
  4 death yaks (Lair:6)
  A deep troll (Orc:2)
  An orc sorcerer (Orc:2)
  3 deep elf magi
  3 orc knights
  A cyclops (Orc:2)
  2 elephants
  A manticore (Lair:6)
  4 spiny frogs
  A centaur zombie (D:13)
  2 black mambas (Lair:3)
  A kobold demonologist (D:14)
  A rime drake (Lair:4)
  2 komodo dragons
  A wandering mushroom (Lair:6)
  A polar bear (Lair:3)
  12 trolls
  12 blink frogs
  6 slime creatures (D:14)
  A tarantella (Lair:3)
  A wraith (D:13)
  2 wyverns
  A hungry ghost (D:13)
  3 basilisks
  29 yaks
  2 orc priests
  2 fire elementals (D:12)
  2 wargs (Orc:2)
  6 vampire mosquitoes
  A hell hound (Orc:2)
  A porcupine (Lair:4)
  3 water moccasins (Lair:6)
  4 orc warriors
  A black bear (Lair:3)
  A swamp drake (D:12)
  4 centaurs
  9 ogres (Orc:2)
  A crocodile (Lair:3)
  3 bullfrogs
  A wyvern skeleton (D:13)
  A killer bee (D:13)
  A howler monkey (D:14)
  A bullfrog zombie (D:12)
  A crimson imp (D:12)
  A quasit (D:12)
  A jelly (D:13)
  2 hounds (D:13)
  An orc wizard (Orc:2)
  3 worker ants
  A white imp (Lair:6)
  5 orcs
  2 fungi (Lair:6)
  A plant (Lair:5)
179 creatures vanquished.

Vanquished Creatures (others)
  An orc warlord (Orc:2)
  3 orc knights
  8 orc priests
  An orc sorcerer (Orc:2)
  3 orc wizards
  7 orc warriors
  21 orcs
  5 fungi
  11 plants
60 creatures vanquished.

Grand Total: 706 creatures vanquished

Notes
Turn   | Place    | Note
-------+----------+-------------------------------------------
     0 | D:1      | dvd the Hill Orc Fighter began the quest for the Orb.
     0 | D:1      | Reached XP level 1. HP: 19/19 MP: 1/1
   221 | D:1      | Reached XP level 2. HP: 27/27 MP: 2/2
   225 | D:1      | Reached skill level 3 in Axes
   817 | D:2      | Reached XP level 3. HP: 30/33 MP: 3/3
   917 | D:2      | Reached skill level 4 in Axes
  1001 | D:2      | Reached XP level 4. HP: 24/40 MP: 4/4
  1139 | D:2      | Noticed Robin
  1159 | D:2      | Killed Robin
  1425 | D:2      | Reached XP level 5. HP: 32/46 MP: 5/5
  1553 | D:2      | Reached skill level 5 in Axes
  2572 | D:3      | Became a worshipper of Beogh the Brigand
  3093 | D:4      | Reached XP level 6. HP: 39/52 MP: 6/6
  3262 | D:4      | Reached * piety under Beogh
  3306 | D:4      | Reached skill level 6 in Axes
  3307 | D:4      | Found a staircase to the Ecumenical Temple.
  3742 | D:5      | Entered Level 5 of the Dungeon
  3897 | D:5      | Noticed a sky beast
  3900 | D:5      | Noticed a water moccasin
  3909 | D:5      | Killed a water moccasin
  3909 | D:5      | Reached skill level 1 in Dodging
  3909 | D:5      | Reached skill level 5 in Shields
  3921 | D:5      | Killed a sky beast
  3921 | D:5      | Reached skill level 7 in Axes
  3921 | D:5      | Reached XP level 7. HP: 41/60 MP: 7/7
  4412 | D:6      | Reached skill level 8 in Axes
  4729 | D:6      | Reached ** piety under Beogh
  4729 | D:6      | Reached skill level 5 in Fighting
  4729 | D:6      | Reached XP level 8. HP: 62/68 MP: 8/8
  4960 | D:6      | Reached skill level 9 in Axes
  5141 | D:6      | Noticed Sigmund
  5152 | D:6      | Killed Sigmund
  5158 | D:6      | Reached skill level 5 in Armour
  5370 | D:7      | Learned a level 1 spell: Flame Tongue
  5585 | D:7      | Reached XP level 9. HP: 60/75 MP: 9/9
  5588 | D:7      | Reached skill level 10 in Axes
  6174 | Temple   | Entered the Ecumenical Temple
  6902 | D:8      | Reached skill level 11 in Axes
  6906 | D:8      | Found a runed door.
  6915 | D:8      | Noticed appiemonkey's ghost (novice OpTm)
  6942 | D:8      | Killed appiemonkey's ghost
  7118 | D:8      | Reached XP level 10. HP: 60/86 MP: 10/10
  7343 | D:8      | Reached skill level 1 in Throwing
  7415 | D:8      | Found a snail-covered altar of Cheibriados.
  8003 | D:8      | Reached *** piety under Beogh
  8022 | D:8      | Reached skill level 12 in Axes
  8044 | D:8      | Reached skill level 1 in Polearms
  9147 | D:9      | Found a shimmering altar of Xom.
  9529 | D:10     | Entered Level 10 of the Dungeon
  9529 | D:10     | Found Xarilym's Antique Armour Emporium.
  9531 | D:10     | Found Apri Kim's Gadget Emporium.
  9751 | D:10     | Bought a crude shield for 313 gold pieces
  9761 | D:10     | Identified the +5 shield of the Komodo Dragon {MP+9 SInv} (You bought it in a shop on level 10 of the Dungeon)
  9818 | D:10     | Found Yfext's Weapon Boutique.
  9891 | D:10     | Found Oqezo's Distillery.
  9899 | D:10     | Bought a potion of curing for 39 gold pieces
  9899 | D:10     | Bought a potion of degeneration for 13 gold pieces
  9999 | D:10     | Noticed a death yak
 10010 | D:10     | Noticed a death yak
 10015 | D:10     | Killed a death yak
 10016 | D:10     | Noticed a death yak
 10024 | D:10     | Reached XP level 11. HP: 95/95 MP: 11/11
 10031 | D:10     | Killed a death yak
 10243 | D:10     | Found Ponysmesm's Jewellery Shop.
 10350 | D:10     | Killed a death yak
 10350 | D:10     | Reached skill level 13 in Axes
 10466 | D:10     | Found a staircase to the Lair.
 10866 | D:11     | Noticed Fannar
 11301 | D:11     | Killed Fannar
 11381 | D:10     | Bought a smoking ring mail for 297 gold pieces
 11394 | D:10     | Identified the +3 ring mail of Biatzuv {Slay+3} (You bought it in a shop on level 10 of the Dungeon)
 11416 | Lair:1   | Entered Level 1 of the Lair of Beasts
 11605 | Lair:1   | Reached **** piety under Beogh
 11643 | Lair:1   | Reached skill level 1 in Stealth
 12225 | Lair:2   | Found a large runed door.
 12226 | Lair:2   | Found a large runed door.
 12228 | Lair:2   | Noticed Gilyir's ghost (journeyman TrMo)
 12488 | Lair:2   | Reached skill level 14 in Axes
 12866 | Lair:3   | Reached XP level 12. HP: 98/106 MP: 12/12
 13241 | Lair:3   | Reached skill level 10 in Fighting
 13260 | Lair:3   | Found a hole to the Spider Nest.
 13729 | Lair:4   | Reached skill level 10 in Shields
 13744 | Lair:4   | Found a staircase to the Shoals.
 13760 | Lair:4   | Gained Marbaugh as an ally
 13767 | Lair:4   | Found the +5 pair of quick blades "Gyre" and "Gimble" {pierce, Dex-3}
 13900 | Lair:4   | Reached skill level 15 in Axes
 14532 | Lair:5   | Reached ***** piety under Beogh
 14610 | Lair:5   | Reached skill level 5 in Dodging
 14780 | Lair:5   | Reached XP level 13. HP: 105/115 MP: 13/13
 15195 | Lair:5   | Found a viscous altar of Jiyva.
 15195 | Lair:5   | Found a staircase to the Slime Pits.
 15431 | Lair:6   | Entered Level 6 of the Lair of Beasts
 15442 | Lair:6   | Reached skill level 16 in Axes
 15734 | Lair:6   | Reached skill level 1 in Evocations
 16069 | Lair:6   | Got a pair of steaming gloves
 16075 | Lair:6   | Identified the +1 pair of gloves of Instinct {rPois Stlth+} (You found it on level 6 of the Lair of Beasts)
 16288 | Lair:6   | Reached skill level 1 in Invocations
 16747 | Lair:6   | Noticed an ice dragon
 16761 | Lair:6   | Killed an ice dragon
 16987 | Lair:2   | Killed Gilyir's ghost
 16987 | Lair:2   | Reached XP level 14. HP: 125/125 MP: 15/15
 17497 | D:12     | Found a flagged portal.
 17507 | D:12     | Noticed Ymberto's ghost (journeyman DEFE)
 17531 | Bailey   | Entered a bailey
 17547 | Bailey   | Noticed an orc warlord
 17620 | Bailey   | Reached ****** piety under Beogh
 17659 | Bailey   | Found a runed gate.
 17676 | Bailey   | Found a runed gate.
 17678 | Bailey   | Found a runed gate.
 17736 | Bailey   | Killed an orc warlord
 17752 | Bailey   | Got a twitching jade ring
 17762 | Bailey   | Identified the ring "Nuomeagh" {Fire Dex+4} (You found it in a bailey)
 17768 | Bailey   | Identified a scroll of acquirement
 17963 | D:12     | Found a transporter.
 17977 | D:12     | Found a transporter.
 17988 | D:12     | Reached skill level 5 in Throwing
 17998 | D:12     | Killed Ymberto's ghost
 18002 | D:12     | Got a shimmering dire flail {freeze}
 18002 | D:12     | Got a translucent great mace {protect}
 18205 | D:12     | Reached skill level 5 in Polearms
 18205 | D:12     | Reached skill level 1 in Spellcasting
 18205 | D:12     | Reached skill level 1 in Conjurations
 18205 | D:12     | Reached skill level 1 in Fire Magic
 18205 | D:12     | Reached XP level 15. HP: 134/134 MP: 17/17
 18291 | D:12     | Found a staircase to the Orcish Mines.
 18544 | D:12     | Noticed Azrael
 18550 | D:12     | Gained Harm as an ally
 18560 | D:12     | Killed Azrael
 18567 | D:12     | Identified the +10 dire flail of Ywkieh {freeze, *Drain +Blink Int+3} (You took it off a two-headed ogre on level 12 of the Dungeon)
 18568 | D:12     | Identified the +8 great mace of Blood-Lust {protect, rF++ Stlth-} (You took it off a two-headed ogre on level 12 of the Dungeon)
 18631 | Orc:1    | Entered Level 1 of the Orcish Mines
 18635 | Orc:1    | Reached skill level 10 in Armour
 18708 | Orc:1    | Reached skill level 17 in Axes
 18990 | Orc:2    | Entered Level 2 of the Orcish Mines
 19067 | Orc:2    | Found a dark tunnel.
 19075 | Volcano  | Entered a volcano
 19094 | Volcano  | Found a radiant altar of Vehumet.
 19502 | Orc:2    | Found Velug's Weapon Shoppe.
 19509 | Orc:2    | Gained Ortolf as an ally
 19527 | Orc:2    | Reached skill level 5 in Stealth
 19535 | Orc:2    | Found Gabroic's Book Shop.
 19535 | Orc:2    | Found Pugav's Assorted Antiques.
 19545 | Orc:2    | Your ally Marbaugh died
 19561 | Orc:2    | Gained Hilgar as an ally
 19562 | Orc:2    | Gained Grimold as an ally
 19598 | Orc:2    | Found Imum's Distillery.
 19739 | Orc:2    | Found a roughly hewn altar of Beogh.
 19739 | Orc:2    | Noticed Maurice
 19745 | Orc:2    | Killed Maurice
 19798 | Orc:2    | Found a staircase to the Elven Halls.
 19818 | Orc:2    | Found a deep blue altar of Sif Muna.
 19832 | Orc:2    | Identified Sif Muna's Grimoire of Summoning
 20117 | D:13     | Gained Ognian as an ally
 20117 | D:13     | Reached XP level 16. HP: 145/145 MP: 18/18
 20129 | D:13     | Found a gate to the Vaults.
 21459 | D:14     | Noticed Louise
 21461 | D:14     | Cast into level 2 of the Abyss (Louise)
 21630 | Abyss:2  | Reached skill level 18 in Axes
 21647 | Abyss:2  | HP: 7/146 [poisoned by a death drake (foul vapour)]
 21647 | Abyss:2  | Killed from afar by a starcursed mass

Skill      XL: |  1  2  3  4  5  6  7  8  9 10 11 12 13 14 15 16 |
---------------+-------------------------------------------------+-----
Axes           | 3 4 5 7 8 9 11 12 14 15 16 17 18 | 18.0
Fighting       | 4 5 6 7 8 9 10 11 12 13 14 | 14.1
Shields        | 4 5 6 7 8 9 10 11 12 13 | 13.6
Armour         | 4 5 6 8 9 10 | 10.9
Dodging        | 1 2 3 4 5 6 |  6.5
Throwing       | 2 3 4 5 |  5.6
Polearms       | 3 4 5 |  5.0
Stealth        | 1 2 4 5 |  5.6
Evocations     | 2 |  2.9
Invocations    | 1 3 |  3.9
Spellcasting   | 1 |  1.0
Conjurations   | 1 |  1.3
Fire Magic     | 1 |  1.5
Unarmed Combat | |  0.4

Action                   |  1- 3 |  4- 6 |  7- 9 | 10-12 | 13-15 | 16-18 || total
-------------------------+-------+-------+-------+-------+-------+-------++-------
Melee: War axe           |   122 |   341 |   306 |   475 |   483 |   177 ||  1904
       Spear             |       |       |       |   158 |    44 |       ||   202
       Unarmed           |       |       |       |     2 |       |       ||     2
Throw: Tomahawk          |       |       |    12 |    85 |    49 |     7 ||   153
 Cast: Flame Tongue      |       |       |       |     1 |       |       ||     1
Invok: Convert to Beogh  |       |     1 |       |       |       |       ||     1
       Smiting           |       |       |     1 |       |       |       ||     1
       Recall Orcish Fol |       |       |       |     1 |    11 |     8 ||    20
       Give Item to Name |       |       |       |     1 |     4 |     1 ||     6
       Resurrection      |       |       |       |       |     2 |     1 ||     3
Evoke: Wand              |       |       |     4 |     3 |    11 |       ||    18
  Use: Scroll            |       |     8 |       |    13 |    12 |     1 ||    34
       Potion            |       |       |     4 |    14 |     5 |     4 ||    27
 Stab: Distracted        |       |       |       |     3 |     9 |     2 ||    14
       Petrified         |       |       |       |       |    13 |       ||    13
       Petrifying        |       |       |       |       |     3 |       ||     3
       Sleeping          |       |       |       |       |     9 |     1 ||    10
  Eat: Chunk             |       |    11 |     8 |    15 |    17 |     6 ||    57
       Ration            |       |       |     1 |     3 |       |       ||     4
Armor: Scale mail        |    75 |   165 |   135 |    44 |       |       ||   419
       Chain mail        |       |       |       |    59 |    35 |    35 ||   129
       Skin              |       |       |       |     2 |       |       ||     2
       Ring mail         |       |       |       |    64 |    81 |       ||   145
Dodge: Dodged            |    45 |   129 |    98 |   173 |   157 |    38 ||   640
Block: Shield            |    71 |   185 |   148 |   380 |   405 |   137 ||  1326
